 Dungeon Crawl Stone Soup version 0.23-a0-586-gacb4b3f (webtiles) character file.

30 inc the Scratcher (level 3, 15/15 HPs)
             Began as a Felid Transmuter on Dec 18, 2018.
             Quit the game on level 2 of the Dungeon.
             The game lasted 00:02:01 (1964 turns).

inc the Scratcher (Felid Transmuter)                Turns: 1964, Time: 00:02:02

Health: 15/15      AC:  1    Str:  6    XL:     3   Next: 3%
Magic:  7/7        EV: 18    Int: 15    God:
Gold:   24         SH:  0    Dex: 16    Spells: 5/6 levels left
                                        Lives:  0   Deaths: 1

rFire    . . .     SeeInvis +     - Unarmed
rCold    . . .     Gourm    .   (shield unavailable)
rNeg     . . .     Faith    .   (armour unavailable)
rPois    .         Spirit   .   (helmet unavailable)
rElec    .         Reflect  .   (cloak unavailable)
rCorr    .         Harm     .   (gloves unavailable)
MR       .....                  (boots unavailable)
Stlth    ++........             (no amulet)
HPRegen  0.05/turn              (no ring)
MPRegen  0.10/turn              (no ring)

@: quick
A: very small, no armour, no weapons or thrown items, stealth, claws 1, fangs 3,
see invisible, carnivore, speed 1, shaggy fur 1, slow metabolism 1, sharp paws
a: no special abilities


You were on level 2 of the Dungeon.
You were not hungry.

You visited 1 branch of the dungeon, and saw 2 of its levels.

You collected 24 gold pieces.

Inventory:

Missiles
 a - 42 arrows
Jewellery
 f - an uncursed amulet of magic regeneration {unknown}
Scrolls
 b - a scroll of remove curse {unknown}
 d - a scroll of random uselessness {unknown}
 e - a scroll of amnesia {unknown}
Comestibles
 c - a ration


   Skills:
 - Level 1.0 Fighting
 - Level 2.6 Dodging
 + Level 5.0 Unarmed Combat
 - Level 2.0 Spellcasting
 - Level 2.1 Transmutations


You had 5 spell levels left.
You knew the following spells:

 Your Spells              Type           Power        Failure   Level  Hunger
a - Beastly Appendage     Tmut           #.....       9%          1    #......

Your spell library contained the following spells:

 Spells                   Type           Power        Failure   Level  Hunger
 Sticks to Snakes         Tmut           #.......     14%         2    ###....
 Spider Form              Tmut/Pois      #.........   38%         3    ###....
 Ice Form                 Ice/Tmut       #.......     80%         4    #####..
 Blade Hands              Tmut           #.........   94%         5    ######.


Dungeon Overview and Level Annotations

Branches:
Dungeon (2/15)

Altars:


Innate Abilities, Weirdness & Mutations

You cannot wear armour.
You are incapable of wielding weapons or throwing items.
Your paws allow you to move quietly. (Stealth)
You have sharp claws.
You have razor-sharp teeth.
You have supernaturally acute eyesight. (SInv)
You are carnivorous and can eat meat at any time.
You cover ground quickly.
You are covered in fur. (AC +1)
You have a slow metabolism.
Your sharp claws are effective at attacking unaware monsters.


Message History

You claw the adder!
You kill the adder!
You have reached level 4!
Extra life!
The bat misses you. The bat completely misses you.
You see here an adder corpse.
* * * LOW HITPOINT WARNING * * *
You feel sick.
You closely miss the bat. You headbutt the bat.
You kill the bat!
Your Unarmed Combat skill increases to level 5!
You see here an adder corpse.
Unknown command.
Your horns disappear.
You die...
You feel sick.
You are now level 3!
You rejoin the land of the living...
Are you sure you want to abandon this character and quit the game? (Confirm

#.# #.# #.#
.##.# #.##.#
#.##.# #.##.#
######.##.#
###......##@#
#.....#..##.#
#........##.#
#.....##..#.#
#.....###.#.#
#.>..)# #...#
#.....# ##..#
###.#†####..#
#<#.#.†..>#


There were no monsters in sight!

Vanquished Creatures
  A gnoll (D:1)
  2 adders (D:2)
  An ooze (D:2)
  A dart slug (D:1)
  A leopard gecko (D:1)
  9 bats
  2 giant cockroaches (D:1)
  4 goblins
  2 hobgoblins
  2 jackals (D:1)
  2 frilled lizards (D:1)
  7 kobolds
  6 rats
40 creatures vanquished.

Notes
Turn   | Place    | Note
-------+----------+-------------------------------------------
     0 | D:1      | inc the Felid Transmuter began the quest for the Orb.
     0 | D:1      | Reached XP level 1. HP: 9/9 MP: 4/4
   164 | D:1      | Reached XP level 2. HP: 11/12 MP: 6/6
   493 | D:1      | Reached skill level 4 in Unarmed Combat
   758 | D:1      | Reached XP level 3. HP: 8/15 MP: 5/7
  1956 | D:2      | Reached XP level 4. HP: 1/19 MP: 8/8
  1959 | D:2      | Reached skill level 5 in Unarmed Combat
  1963 | D:2      | Succumbed to an adder's poison
  1964 | D:2      | Reached XP level 3. HP: 0/15 MP: 7/7
  1964 | D:2      | Quit the game

Vault maps used:
D:1:      dpeg_arrival_erosion, serial_bayou_pond_b

Skill      XL: |  1  2  3  4 |
---------------+-------------+-----
Unarmed Combat | 4 5 |  5.0
Fighting       | |  1.0
Dodging        | |  2.6
Spellcasting   | |  2.0
Transmutations | |  2.1

Action                   |  1- 3 |  4- 6 || total
-------------------------+-------+-------++-------
Melee: Unarmed           |   126 |     1 ||   127
       Headbutt          |     6 |     1 ||     7
       Bite              |     5 |       ||     5
       Punch             |     2 |       ||     2
 Cast: Beastly Appendage |     7 |       ||     7
  Use: Potion            |     1 |       ||     1
 Stab: Sleeping          |     2 |       ||     2
  Eat: Chunk             |     2 |       ||     2
Armor: Skin              |    15 |       ||    15
Dodge: Dodged            |   140 |     2 ||   142

Table legend:
 A = Non-vault XP
 B = Vault XP
 C = Vault XP percentage of total XP
 D = Non-vault monster count
 E = Vault monster count
 F = Vault count percentage of total count
                 A         B        C        D         E       F
            +---------+---------+-------+---------+---------+-------
      Total |      98 |       4 |   3.9 |      37 |       3 |   7.5
            +---------+---------+-------+---------+---------+-------
        D:1 |      53 |       4 |   7.0 |      25 |       3 |  10.7
        D:2 |      45 |       0 |   0.0 |      12 |       0 |   0.0
            +---------+---------+-------+---------+---------+-------
